[Event "Caplin Hastings Masters 2023-24"]
[Site "Hastings"]
[Date "2023.12.30"]
[Round "3.6"]
[White "Petrov, Martin"]
[Black "Unuk, Laura"]
[Result "1/2-1/2"]
[ECO "D30"]
[WhiteElo "2501"]
[BlackElo "2345"]
[Annotator "TA"]
[PlyCount "139"]
[EventDate "2023.12.18"]
[EventType "swiss"]
[EventCountry "ENG"]
[SourceTitle "playchess.com"]
[Source "ChessBase"]
[SourceQuality "1"]
[TimeControl "40/6000+30:3000+30"]

1. c4 e6 2. Nf3 d5 3. e3 Nf6 4. Nc3 c5 5. cxd5 exd5 6. d4 a6 7. Be2 Nc6 8. O-O Bd6 9. b3 O-O 10. Bb2 cxd4 11. Nxd4 Ne5 12. Rc1 Re8 13. Nf3 {[%emt 0:02:47] D30: Queen's Gambit Declined: Systems without Nc3.} Nc6 {[%emt 0:06:57] [#]} 14. g3 $146 (14. Nxd5 $2 Nxd5 15. Qd2 Be6 $19) ({Predecessor:} 14. Rc2 Be6 15. Rd2 Qe7 16. Qa1 Rad8 17. Rfd1 b5 18. Nd4 Nxd4 19. Rxd4 Be5 20. R4d3 Qc7 21. f4 {0-1 Gonda,L (2448)-Palkovi,J (2409) HUN-chT2 Charousek 0506 2005 (8)}) 14... Bf8 15. Re1 {[%emt 0:03:01] White has an edge.} h6 16. a3 Bh3 17. Bf1 (17. b4 {is interesting.} Qd6 18. Na4 Ne4 19. Nc5) 17... Bxf1 18. Rxf1 Qd6 19. Qd3 Rad8 20. Rfd1 Qe6 21. Ne2 Qg4 (21... Ne4 $11) 22. Kg2 (22. Bxf6 $1 $16 gxf6 23. Nfd4) 22... Ne4 23. h3 Qf5 24. Nf4 Rd6 25. Rc5 (25. Nxd5 $2 Red8 26. g4 (26. Rc5 $2 Qe6 $19) 26... Qe6 $19) 25... Red8 26. g4 (26. Rxd5 Rxd5 27. Nxd5 Kh8 $11) 26... Qxf4 27. Rxc6 $18 ({Don't take} 27. exf4 $6 Nxc5 28. Qc2 R6d7 $16) 27... Qxf3+ 28. Kxf3 Rxc6 29. Rc1 Rxc1 30. Bxc1 Nc5 31. Qd1 Ne6 32. Bb2 Bc5 33. b4 Bb6 34. Kg2 d4 35. exd4 Bxd4 36. Bxd4 Rxd4 {[%emt 0:00:10][%mdl 4096] Endgame KQ-KRN} 37. Qc2 Rd8 38. h4 g5 39. Kg3 Kg7 (39... b5 $142 40. f3 Rd6) 40. Qe4 Rd7 (40... b5 $16 {was necessary.} 41. Qe5+ Kg8) 41. Qe5+ Kh7 42. Qf6 b5 43. f3 Rc7 44. Kf2 (44. h5 $142 Rb7 45. Kf2) 44... Ra7 $2 (44... gxh4 45. Qxh4 Ng5) 45. Ke1 Rd7 46. hxg5 hxg5 {[%emt 0:00:16] [#]} 47. f4 $1 gxf4 {[%emt 0:02:29] [#]} 48. g5 $1 Kg8 49. g6 Nc7 {[%emt 0:05:17] [#]} 50. g7 {[%emt 0:00:00][%cal Of6h6] White wants to mate with Qh6!} ({But not} 50. Qxf4 $6 fxg6 51. Qf6 Kh7) 50... Ne6 51. Qh6 Nxg7 52. Qxa6 {[%emt 0:00:00] And now Qc8+ would win.} Re7+ 53. Kf2 Re5 54. a4 bxa4 55. b5 Ne6 56. b6 $2 (56. Qxa4 $18 {aiming for b6.} Kg7 57. b6) 56... Nc5 $11 57. Qa8+ Kg7 58. Kf3 (58. Kf1 $5 ) 58... Re6 {[%emt 0:02:41] The position is equal.} 59. Qa5 {[%emt 0:00:00][%mdl 64] Deflection} Nb7 60. Qa7 a3 61. Qxb7 {[%emt 0:01:04] KQ-KR} a2 62. Qa7 {[%emt 0:00:17] b7 is the strong threat.} (62. Kxf4 {is a self mate.} a1=Q 63. Qg2+ Kf8 64. Qc2 Qe5+ 65. Kf3 Rf6+ 66. Kg2 Qg5+ 67. Kh1 Rf1+ 68. Kh2 Qh5+ 69. Kg3 Rf3+ 70. Kg2 Qh3+ 71. Kg1 Rf1#) 62... Rxb6 63. Qxa2 Re6 64. Qd5 Rg6 65. Qd4+ Kg8 66. Kxf4 Re6 67. Kf5 Rg6 68. Qe5 Re6 69. Qxe6 fxe6+ 70. Kxe6 {[%emt 0:00:02] White really could win this. An interesting game.   Weighted Error Value: White=0.22 (precise) /Black=0.22 (precise)} 1/2-1/2

[Event "Caplin Hastings Masters 2023-24"]
[Site "Hastings"]
[Date "2023.12.30"]
[Round "3.7"]
[White "Cherniaev, Alexander"]
[Black "Sengupta, Deep"]
[Result "1-0"]
[ECO "C01"]
[WhiteElo "2381"]
[BlackElo "2501"]
[Annotator "TA"]
[PlyCount "111"]
[EventDate "2023.12.18"]
[EventType "swiss"]
[EventCountry "ENG"]
[SourceTitle "playchess.com"]
[Source "ChessBase"]
[SourceQuality "1"]
[TimeControl "40/6000+30:3000+30"]

1. e4 e6 2. d4 d5 3. Bd3 c5 4. exd5 exd5 5. c3 cxd4 6. cxd4 Nc6 {[%emt 0:00:04] C01: French: Exchange Variation.} 7. Nc3 Nf6 8. Be3 Bd6 {[%emt 0:04:56] The position is equal.} 9. h3 O-O 10. Nf3 h6 11. O-O a6 12. Rc1 Re8 13. a3 {[%emt 0:00:27] [#]} Bc7 $146 ({Predecessor:} 13... Bd7 14. Bb1 Rc8 15. Qd3 Ne7 16. Ne5 Bf5 17. Qd2 Bxb1 18. Rxb1 Nf5 19. Bf4 Qb6 {½-½ Vovk,Y-Tishin,D (2294) UKR-chT 10th 2002 (1)}) 14. Qc2 Be6 15. Qd2 Na5 {[%emt 0:11:43] [#]} 16. Bxh6 $1 {[%emt 0:08:16] Qg5 is the strong threat.} Ne4 {[%emt 0:15:59][%mdl 64] Wards off Qg5. Deflection} 17. Nxe4 dxe4 18. Bxe4 Bc4 (18... Nb3 $14 19. Qg5 Qxg5 20. Bxg5 Nxc1 21. Rxc1 Bd8) 19. Rfe1 (19. Bb1 $142 {[%cal Oc1c4] And now Rxc4! would win.} Qd6 20. Be3) 19... Nb3 $16 20. Qb4 Nxc1 21. Qxc4 (21. Bxc1 Bd5 22. Bg5 Qd7 23. Bxd5 Qxd5 $15) 21... Rc8 {[%emt 0:02:22] Black is weak on the light squares} 22. Qxc1 {[%emt 0:00:07][%cal Oc1d2] Qd2! would be deadly.} (22. Bxc1 $2 Bh2+ 23. Kxh2 Rxc4 $19) 22... Ba5 {[%emt 0:00:40] Prevents Qd2. Black cannot hold the game after this.} (22... Bh2+ $1 $14 23. Kxh2 Rxc1 24. Bxc1 Qc7+ 25. Ne5 f6 {[%mdl 64] Pin}) 23. Qf4 $1 $18 (23. Bh7+ $2 Kxh7 24. Ng5+ Kg8 25. Rxe8+ Qxe8 $19) 23... Bxe1 24. Qg4 $40 {[%emt 0:00:33][%csl Gh6][%cal Rg4g7][%mdl 128] White attacks with force.} ({Avoid the trap} 24. Bxg7 $2 Kxg7 25. Qg4+ (25. Nxe1 $2 Qxd4 26. Qg5+ Kf8 $19) 25... Kf8 $19) 24... Qf6 {[%emt 0:02:43] [#]} 25. Bg5 {[%emt 0:00:14] This pair of bishops is nice.} Bxf2+ 26. Kxf2 Qb6 27. b4 Rc3 (27... Qb5 $2 28. Bh6 $18) (27... Rc6 $142 28. Bxc6 Qxc6) 28. Qh4 {[%emt 0:01:49] Qh7+ would kill now.} Rxe4 29. Qxe4 {[%emt 0:00:19] Strongly threatening Qe8+.} Qe6 {[%emt 0:01:39] Repels Qe8+} 30. Qxb7 Rxa3 31. Bd2 ({Not} 31. Kg1 Ra1+ 32. Kf2 (32. Kh2 Qd6+ 33. Ne5 f6 $18 {[%mdl 64] Pin}) 32... Ra2+ 33. Bd2 f6 34. Qb8+ Kh7 $18) 31... Qf5 32. Qb8+ Kh7 33. Qe5 Qc2 34. Qf4 f6 {[%emt 0:00:24] Prevents Ng5+.} 35. h4 Kg6 $2 (35... a5 36. bxa5 Rxa5) 36. Kg3 Qf5 37. Qg4+ Qxg4+ 38. Kxg4 Kf7 39. Kf5 g6+ 40. Ke4 Ke6 41. d5+ Kd6 42. Kd4 Ra2 43. g3 a5 44. Bf4+ Kd7 45. bxa5 Ra4+ 46. Kc5 {[%emt 0:06:05] Threatens to win with Nd2.} Rxa5+ 47. Kc4 Ra3 48. Nd2 g5 49. hxg5 fxg5 50. Be5 Ra4+ 51. Kd3 {[%emt 0:01:50] Threatening mate with Nb3.} Ke7 52. Nc4 Ra6 53. Kd4 {[%emt 0:00:37] White wants to mate with Bc7.} Ra2 54. Nb6 {[%emt 0:03:10] White mates.} Rb2 55. d6+ Ke6 56. d7 {[%emt 0:00:12] Weighted Error Value: White=0.23 (precise) /Black=0.43} 1-0

[Event "Caplin Hastings Masters 2023-24"]
[Site "Hastings"]
[Date "2023.12.30"]
[Round "3.8"]
[White "Sulskis, Sarunas"]
[Black "Nielsen, Andre"]
[Result "0-1"]
[ECO "A22"]
[WhiteElo "2490"]
[BlackElo "2239"]
[Annotator "TA"]
[PlyCount "108"]
[EventDate "2023.12.18"]
[EventType "swiss"]
[EventCountry "ENG"]
[SourceTitle "playchess.com"]
[Source "ChessBase"]
[SourceQuality "1"]
[TimeControl "40/6000+30:3000+30"]

1. c4 e5 2. g3 Nf6 3. Bg2 Bc5 4. Nc3 O-O 5. Nf3 e4 6. Ng5 {[%emt 0:02:28] A22: English Opening: 1...e5 2 Nc3 Nf6.} Bxf2+ $1 {[%emt 0:01:43][%mdl 64] [#] Decoy} 7. Kxf2 Ng4+ {[%emt 0:00:06][%mdl 64] Discovered Attack} 8. Kg1 {[%emt 0:03:15] White is slightly better.} Qxg5 9. Nxe4 Qe7 10. d4 f5 {[%emt 0:01:17] [#]} (10... d5 $5 11. Nc3 (11. cxd5 Bf5 $11) 11... dxc4 $11) 11. Nc3 $146 ({Predecessor:} 11. h3 Nf6 12. Nxf6+ Qxf6 13. Bf4 d6 14. Qd2 Nc6 15. Rd1 Bd7 16. Kh2 Rae8 17. Rhe1 {1-0 Movsesian,S (2699)-Khairullin,I (2658) Wch Blitz 7th 2013 (12)}) 11... Ne3 {[%emt 0:09:51] Inhibits e4.} 12. Nd5 Nxd5 13. cxd5 (13. Bxd5+ $142 Kh8 14. h4) 13... d6 $11 14. Qc2 Nd7 15. Qxc7 Qxe2 16. Qc3 ({White should play} 16. h3 $15) 16... Nf6 $17 {[%emt 0:03:47] Black is more active.} 17. Bf4 Ne4 (17... Ng4 18. Rf1 $14) 18. Bxe4 fxe4 19. h3 {[%emt 0:03:59] White is weak on the light squares} Qb5 (19... Rf6 $142 20. Rh2 Qh5) 20. Qb3 ({But not} 20. Bxd6 Rf3 21. Qc1 Qd3 $17) 20... Qxb3 (20... Qd7 $15 21. Qc2 Qe7) 21. axb3 $11 Rd8 22. Kf2 b6 23. Rhc1 Bxh3 24. Rc6 e3+ 25. Bxe3 Rd7 26. Bf4 Rad8 27. Rac1 h6 28. Rc8 g5 29. Rxd8+ Rxd8 $15 {[%mdl 4096] Endgame KRB-KRB} 30. Be3 Bf5 31. Bd2 Kf7 32. Kf3 Rd7 33. g4 Bg6 34. Rc8 Bb1 (34... Kg7 $5 ) 35. Rh8 Kg7 36. Re8 Bc2 37. Re3 Bd1+ 38. Kg3 Bc2 (38... a5 $15) 39. Kh3 (39. Kf3 $1 $11 {keeps the balance.}) 39... Bg6 40. Re6 Bf7 41. Bb4 $2 {[%emt 0:50:30][%mdl 8192] White does not recover from this.} Bxe6 $19 {[%emt 0:29:24] Black is clearly winning.} 42. dxe6 {[%emt 0:00:30] KR-KB} Rd8 43. d5 Kf6 44. Bc3+ Ke7 45. Kg3 Rc8 {[%emt 0:00:30] [#] aiming for ...Rc5.} 46. Bd4 {[%emt 0:00:30] Inhibits Rc5.} Rc1 47. Kf3 Rd1 48. Ke4 Re1+ 49. Kf5 Rf1+ 50. Kg6 Rf4 51. Bg7 Rxg4 {[%emt 0:00:30] Threatens to win with ...Rb4.} 52. Bxh6 Rd4 53. Bxg5+ Ke8 54. Kf6 Rxd5 {[%emt 0:00:30] Weighted Error Value: White=0.55/Black=0.10 (very precise)} 0-1

[Event "Caplin Hastings Masters 2023-24"]
[Site "Hastings"]
[Date "2023.12.30"]
[Round "3.9"]
[White "Arkell, Keith C"]
[Black "Gasanov, Eldar"]
[Result "1/2-1/2"]
[ECO "A50"]
[WhiteElo "2371"]
[BlackElo "2487"]
[Annotator "TA"]
[PlyCount "54"]
[EventDate "2023.12.18"]
[EventType "swiss"]
[EventCountry "ENG"]
[SourceTitle "playchess.com"]
[Source "ChessBase"]
[SourceQuality "1"]
[TimeControl "40/6000+30:3000+30"]

1. d4 Nf6 2. Nf3 b6 3. c4 Bb7 4. g3 g6 5. Bg2 Bg7 6. O-O O-O 7. d5 Na6 {[%emt 0:03:43] A50: Queen's Fianchetto Defence (1 d4 Nf6 2 c4 b6).} 8. Nc3 Nc5 9. Be3 Ng4 10. Bd4 e5 11. dxe6 {[%emt 0:00:06] [#]} dxe6 $146 ({Predecessor:} 11... fxe6 12. Bxg7 Kxg7 13. Qd4+ Nf6 14. b4 Nce4 15. Nxe4 Bxe4 16. Rad1 Qe7 17. c5 Kg8 {1-0 Romanishin,O (2511)-Rombaldoni,A (2469) Forni di Sopra op 3rd 2012 (8)}) 12. Bxg7 (12. e3 {is interesting.} Qe7 13. Bxg7 Kxg7 14. Nd4) 12... Kxg7 13. Qxd8 Raxd8 14. Rfd1 Bxf3 15. Bxf3 Ne5 16. b3 Nxf3+ 17. exf3 g5 18. Kf1 c6 19. Ke2 a5 20. Ke3 {[%emt 0:09:04] The position is equal.} Kf6 21. f4 gxf4+ 22. Kxf4 e5+ 23. Ke3 Kf5 24. f3 h5 25. Rxd8 Rxd8 26. Rd1 {[%emt 0:00:05] Against Rd3+} Rxd1 27. Nxd1 e4 {[%emt 0:00:19] Weighted Error Value: White=0.04 (flawless) /Black=0.03 (flawless)} 1/2-1/2

[Event "Caplin Hastings Masters 2023-24"]
[Site "Hastings"]
[Date "2023.12.30"]
[Round "3.10"]
[White "Grutter, Tim"]
[Black "Ghasi, Ameet K"]
[Result "0-1"]
[ECO "B10"]
[WhiteElo "2342"]
[BlackElo "2509"]
[Annotator "TA"]
[PlyCount "120"]
[EventDate "2023.12.18"]
[EventType "swiss"]
[EventCountry "ENG"]
[SourceTitle "playchess.com"]
[Source "ChessBase"]
[SourceQuality "1"]
[TimeControl "40/6000+30:3000+30"]

1. e4 c6 2. Nf3 d5 3. d3 Nd7 4. Nc3 Ngf6 5. e5 {[%emt 0:06:56] [#]} d4 $1 6. exf6 {[%emt 0:00:31] B10: Caro-Kann: 2 d3 and 2 c4.} dxc3 {[%emt 0:00:08] [#]} 7. fxe7 $146 ({Predecessor:} 7. fxg7 Bxg7 8. b3 Nf6 9. Be2 O-O 10. O-O Nd5 11. Re1 a5 12. a3 b5 13. Bg5 {1-0 Duda,J (2731)-Mitrabha,G (2471) Chess.com Rapid CGC KO 2022 (1.3)}) 7... Qxe7+ 8. Qe2 {[%emt 0:01:05] The position is equal.} Qxe2+ 9. Bxe2 Bb4 10. O-O O-O 11. d4 Re8 12. Bd3 Nb6 13. a3 cxb2 $1 14. Bxb2 Ba5 15. c4 f6 16. h3 Be6 17. Rac1 Bf7 18. Rfd1 Rad8 19. Nd2 (19. g3 $11 {remains equal.}) 19... Nd7 ({Black should try} 19... Na4 $17 20. Rc2 (20. Ba1 Nc5 $17) 20... Nxb2 {[%mdl 64] Remove Defender} 21. Rxb2 Rxd4) 20. Nb3 Bb6 21. Re1 {[%emt 0:03:51] [#] White is now going downhill.} (21. a4 $11) 21... Rxe1+ $1 $17 {[%emt 0:03:53][%mdl 64] Remove Defender} 22. Rxe1 {[%emt 0:00:02] [#]} Ne5 $1 {[%emt 0:00:19][%mdl 576] Pin, Double Attack} 23. Bf1 Nxc4 24. Bxc4 Bxc4 25. Nc5 Bxc5 26. dxc5 {[%emt 0:00:03][%mdl 4096] Endgame KRB-KRB} Rd2 27. Bc3 Rc2 28. Re3 Kf7 29. Bb4 Bd5 30. Rc3 Rb2 {[%emt 0:13:00] Black is more active.} 31. Re3 g5 32. Bc3 Rb1+ 33. Re1 Rb5 34. Bd4 Rb3 35. Re3 Rb1+ 36. Kh2 Rd1 37. Bc3 h5 38. Re1 Rd3 39. Rc1 b6 40. Bb4 (40. cxb6 $17 {was called for.} axb6 41. a4) 40... b5 $19 41. Ra1 Rd4 42. Re1 Rc4 43. Re2 Rc1 44. Re3 Rc2 45. Kg1 f5 46. Re5 Be6 47. f3 Kf6 48. Re3 f4 49. Re4 Bd5 50. Re8 {[%emt 0:03:46] [#]} (50. Rd4 {might work better.}) 50... g4 $1 51. hxg4 (51. Ba5 gxh3) 51... hxg4 52. fxg4 $2 (52. Kf1) 52... Rxg2+ {[%emt 0:00:20] Black is clearly winning.} 53. Kf1 f3 54. Rf8+ Ke7 55. Rf5 Rxg4 56. Bc3 Rc4 57. Re5+ Kd7 58. Re3 Rxc5 59. Bd4 Rc2 {[%emt 0:01:20] ( -> ...Bc4+)} 60. Re5 a5 {[%emt 0:00:15] Weighted Error Value: White=0.37/Black=0.11 (very precise)} 0-1

[Event "Caplin Hastings Masters 2023-24"]
[Site "Hastings"]
[Date "2023.12.30"]
[Round "3.11"]
[White "Edouard, Romain"]
[Black "Fischer, Daniel"]
[Result "1/2-1/2"]
[ECO "A07"]
[WhiteElo "2527"]
[BlackElo "2341"]
[Annotator "TA"]
[PlyCount "73"]
[EventDate "2023.12.18"]
[EventType "swiss"]
[EventCountry "ENG"]
[SourceTitle "playchess.com"]
[Source "ChessBase"]
[SourceQuality "1"]
[TimeControl "40/6000+30:3000+30"]

1. Nf3 d5 2. g3 Bg4 3. Bg2 c6 4. h3 Bxf3 5. Bxf3 e5 6. d3 {[%emt 0:00:06] A07: Réti Opening: New York and Capablanca Systems.} Nf6 7. Bg2 Bc5 8. Nd2 O-O 9. O-O Nbd7 10. e4 dxe4 11. dxe4 Qe7 12. a4 {[%emt 0:01:17][%cal Ba2a4,Ba4a5][%mdl 32] [#]} h6 $146 ({Predecessor:} 12... Rfd8 13. a5 a6 14. Qe2 Nf8 15. Nc4 Ne6 16. c3 Qc7 17. Kh2 Bf8 18. Be3 Bc5 {½-½ Priehoda,V (2380)-Bombek,P (2194) Brezova op Brezova pod Bradlom 2010 (9)}) 13. a5 b5 14. Qe2 a6 15. Nf3 Rfe8 16. Nh4 Qd8 17. Nf5 Qc7 18. Bd2 Bf8 19. Rae1 (19. Rfc1 $14) 19... Rad8 $11 20. f4 exf4 21. gxf4 (21. Bxf4 $11 {keeps the balance.} Qxa5 22. Kh1) 21... Nc5 $1 $17 22. Bc3 {[%emt 0:10:51] Bxf6 would be deadly.} Ncxe4 23. Nxh6+ {[%emt 0:08:44] [#]} Kh8 (23... gxh6 $6 24. Bxe4 Bc5+ 25. Kh1 $11) (23... Kh7 $1 $17 24. Ng4 Qa7+ 25. Kh2 (25. Qe3 $2 Bc5 $19) 25... Nxg4+ 26. Qxg4 Nxc3 27. bxc3 (27. Rxe8 Rxe8 28. bxc3 Qc7 $17) 27... Rxe1 28. Rxe1 Qc7 29. Be4+ g6) 24. Bxe4 $11 Rxe4 (24... Nxe4 25. Qh5 Nxc3 26. Nxf7+ Kg8 27. Nxd8 Rxd8 28. bxc3 $16) 25. Qf3 {[%emt 0:13:21] aiming for Bxf6.} Rxe1 26. Rxe1 {[%emt 0:00:07][%cal Bf1e1,Be1e2,Be2f2][%mdl 32] And now Bxf6 would win.} Re8 27. Be5 Bd6 (27... gxh6 $2 28. Bxf6+ Kg8 29. Rxe8 $18) 28. Re2 {[%emt 0:15:17] Bxd6 is the strong threat.} Bxe5 (28... Qxa5 $2 29. Nxf7+ Kg8 30. Nxd6 $18) 29. fxe5 gxh6 ({Resist} 29... Qa7+ 30. Kf1 Qd7 31. Nxf7+ Qxf7 32. exf6 Rxe2 33. fxg7+ (33. Kxe2 Qe6+ 34. Qe3 Qxf6 $11) 33... Qxg7 34. Kxe2 Qxb2 35. Qxc6 $16) 30. Qxf6+ {[%emt 0:01:21][%mdl 4096] Endgame KQR-KQR} Kh7 31. Rf2 Rg8+ {[%emt 0:02:17] [#]} (31... Qxa5 {leads to mate.} 32. Qxf7+ (32. Qxc6 $2 {loses.} Qe1+ 33. Rf1 Rg8+ $19) 32... Kh8 33. Qxe8+ Kh7 34. Rf7+ Kg6 35. Qg8+ Kh5 36. Qg4#) (31... Rxe5 $11 {might be stronger.} 32. Qxf7+ Qxf7 33. Rxf7+ Kg6) 32. Kh2 {[%emt 0:09:51] White is more active.} (32. Kf1 $1 $16) 32... Rg7 {[%emt 0:00:05] The position is equal.} 33. b4 Qa7 34. Rg2 Rxg2+ 35. Kxg2 Qd7 36. Qd6 Qf5 37. Qxc6 {[%emt 0:01:27] Weighted Error Value: White=0.11 (very precise) /Black=0.10 (very precise)} 1/2-1/2

[Event "Caplin Hastings Masters 2023-24"]
[Site "Hastings"]
[Date "2023.12.30"]
[Round "3.12"]
[White "Gormally, Daniel W"]
[Black "Kovalskyi, Roman"]
[Result "1-0"]
[ECO "B06"]
[WhiteElo "2442"]
[BlackElo "2009"]
[Annotator "ChessBase"]
[PlyCount "69"]
[EventDate "2023.12.18"]
[EventType "swiss"]
[EventCountry "ENG"]
[SourceTitle "playchess.com"]
[Source "ChessBase"]
[SourceQuality "1"]
[TimeControl "40/6000+30:3000+30"]

1. e4 c5 2. Nf3 g6 3. c3 d5 4. exd5 Qxd5 5. d4 Bg7 6. Bb5+ Bd7 7. Be2 Nf6 8. c4 Qd6 9. d5 b5 10. O-O O-O 11. cxb5 Nxd5 12. Nfd2 Be6 13. Ne4 Qb6 14. Ng5 Nd7 15. Bf3 Bd4 16. Nc3 Nxc3 17. bxc3 Bxc3 18. Bxa8 Bxa1 19. Bc6 Nb8 20. Nxe6 fxe6 21. Qe2 Nxc6 22. Qxe6+ Kg7 23. bxc6 Qc7 24. g3 Rf6 25. Qe4 Bd4 26. Bg5 Rxc6 27. Bxe7 Qb6 28. Re1 c4 29. Bf8+ Kxf8 30. Qe8+ Kg7 31. Re7+ Kh6 32. Qf8+ Bg7 33. Qxg7+ Kg5 34. Re5+ Kg4 35. Kg2 1-0

[Event "Caplin Hastings Masters 2023-24"]
[Site "Hastings"]
[Date "2023.12.30"]
[Round "3.13"]
[White "Southcott-Moyers, Indy"]
[Black "Boyer, Mahel"]
[Result "0-1"]
[ECO "D37"]
[WhiteElo "2123"]
[BlackElo "2427"]
[Annotator "RC"]
[PlyCount "148"]
[EventDate "2023.12.18"]
[EventType "swiss"]
[EventCountry "ENG"]
[SourceTitle "playchess.com"]
[Source "ChessBase"]
[SourceQuality "1"]
[TimeControl "40/6000+30:3000+30"]

1. d4 d5 2. c4 e6 3. Nf3 Nf6 4. Nc3 a6 5. c5 Nc6 6. Bg5 h6 7. Bxf6 Qxf6 8. e3 g5 9. Be2 Bg7 10. h3 O-O 11. Qd2 Rd8 12. O-O Qe7 13. Rad1 e5 14. Nxe5 Nxe5 15. dxe5 Qxe5 16. Qd4 c6 17. Qxe5 Bxe5 18. e4 Re8 19. Na4 dxe4 20. Nb6 Rb8 21. Nxc8 Rbxc8 22. Bg4 Rc7 23. b3 Bc3 24. Rd6 Kg7 25. Rfd1 Re5 26. Rd7 Rxd7 27. Bxd7 Rxc5 28. Bc8 b6 29. Bxa6 Ra5 30. Bb7 Rxa2 31. Bxc6 f5 32. g4 Kf6 33. Rd6+ Ke7 34. Rxh6 f4 35. Bd5 e3 36. fxe3 fxe3 37. Bc4 b5 38. Bxb5 e2 39. Bxe2 Rxe2 40. h4 gxh4 41. Rxh4 Kf6 42. Rh5 Be5 43. Kf1 Rb2 44. Ke1 Ke6 45. Rh3 Bf4 46. Rh5 Be5 47. Rh3 Kd5 48. g5 Ke4 49. g6 Bd4 50. Kd1 Rg2 51. g7 Bxg7 52. Rh4+ Kd5 53. Kc1 Bf6 54. Rh5+ Kd4 55. Rh7 Be5 56. Rd7+ Kc3 57. Kd1 Bd4 58. Ke1 Kd3 59. Rf7 Be3 60. Rd7+ Ke4 61. Kd1 Bd4 62. Ke1 Rb2 63. Kf1 Ke3 64. Re7+ Kd3 65. b4 Rf2+ 66. Ke1 Rf8 67. Kd1 Ra8 68. Rc7 Ra1+ 69. Rc1 Ra2 70. Rc8 Rg2 71. Re8 Rg5 72. b5 Rxb5 73. Rc8 Bb6 74. Rc6 Bc5 0-1

[Event "Caplin Hastings Masters 2023-24"]
[Site "Hastings"]
[Date "2023.12.30"]
[Round "3.14"]
[White "Mikhalevski, Victor"]
[Black "Bozinakis, Pavlos"]
[Result "1-0"]
[ECO "E10"]
[WhiteElo "2524"]
[BlackElo "2274"]
[Annotator "TA"]
[PlyCount "81"]
[EventDate "2023.12.18"]
[EventType "swiss"]
[EventCountry "ENG"]
[SourceTitle "playchess.com"]
[Source "ChessBase"]
[SourceQuality "1"]
[TimeControl "40/6000+30:3000+30"]

1. d4 Nf6 2. c4 Nc6 3. Nf3 e6 4. a3 d6 5. Nc3 g6 6. e4 Bg7 7. Be2 O-O 8. O-O Re8 {[%emt 0:01:31] E10: Blumenfeld Gambit.} 9. Be3 e5 10. dxe5 dxe5 {[%emt 0:07:24] White is slightly better.} 11. h3 {[%emt 0:05:30] Inhibits Bg4.} Be6 12. Re1 {[%emt 0:31:58] [#]} Qc8 $146 ({Predecessor:} 12... Rc8 13. b4 h6 14. Rc1 a6 15. Bf1 Qxd1 16. Rexd1 g5 17. g4 b6 18. Kg2 Ne7 {½-½ Szabo,V (2463)-Contreras,J (2329) WC-2014-S-00002}) 13. Qc2 Nh5 14. Rad1 {[%emt 0:03:16] Repels Nd4} Nf4 15. Bf1 h6 16. Nd5 g5 17. b4 Ne7 18. Bxf4 exf4 19. e5 {[%emt 0:00:38][%cal Be4e5,Be5e6][%mdl 32] White has more active pieces.} Nxd5 20. cxd5 Bf5 21. Bd3 Bxd3 22. Qxd3 ({Don't do} 22. Rxd3 Qf5 $14) 22... Qd7 {[%emt 0:01:26] Black is weak on the light squares} 23. Qb3 Rad8 24. e6 Qe7 25. Nd4 Bxd4 26. Rxd4 Rd6 {[%emt 0:04:51][%cal Rf7e6] [#]} 27. Rde4 $36 {[%emt 0:05:43][%mdl 2048] Keeping Black busy.} f6 {[%emt 0:01:08] [#]} 28. Rc4 ({White should play} 28. b5 $1 $16) 28... c6 29. dxc6 bxc6 30. Rce4 Kg7 31. h4 Red8 {[%emt 0:02:07] This costs Black the game.} (31... Qc7 $14) 32. h5 Rd3 (32... Rf8 {was worth a try.} 33. Qc2 Kh8) 33. Qc2 $18 {[%emt 0:00:10] Threatens to win with Rc4.} R8d6 34. Rc4 {[%emt 0:00:39] And now b5 would win.} f3 $2 (34... R3d5 35. Qg6+ {[%mdl 64] Deflection} (35. Rxc6 Rxc6 36. Qxc6 Re5 $18) 35... Kh8 36. Qxh6+ Kg8 37. Qg6+ Kh8) 35. gxf3 {[%emt 0:01:35] b5 would be deadly.} Kf8 36. b5 Rd2 37. Qg6 (37. Qc1 $142 R2d4 38. bxc6 Rxc4 39. Qxc4) 37... cxb5 (37... Rxe6 $18 38. Qxh6+ Kg8) 38. Qxh6+ {[%emt 0:00:15] White mates.} Kg8 {[%emt 0:00:09] [#]} 39. Rc7 $3 Qxc7 (39... Rd7 40. Qg6+) 40. e7 (40. Qxf6 $2 {too greedy.} Rd1 41. Rxd1 Rxd1+ $19) 40... Re6 41. Qg6+ {[%emt 0:50:06] A superb game by Mikhalevski.   Weighted Error Value: White=0.34/Black=0.41} 1-0

[Event "Caplin Hastings Masters 2023-24"]
[Site "Hastings"]
[Date "2023.12.30"]
[Round "3.15"]
[White "Liu, Tianyi"]
[Black "Waldhausen Gordon, Frederick"]
[Result "0-1"]
[ECO "B33"]
[WhiteElo "2022"]
[BlackElo "2338"]
[Annotator "ChessBase"]
[PlyCount "72"]
[EventDate "2023.12.18"]
[EventType "swiss"]
[EventCountry "ENG"]
[SourceTitle "playchess.com"]
[Source "ChessBase"]
[SourceQuality "1"]
[TimeControl "40/6000+30:3000+30"]

1. e4 c5 2. Nf3 Nc6 3. d4 cxd4 4. Nxd4 Nf6 5. Nc3 e5 6. Ndb5 d6 7. Bg5 a6 8. Na3 b5 9. Nd5 Be7 10. Bxf6 Bxf6 11. c3 O-O 12. Nc2 Rb8 13. h4 g6 14. h5 Bg7 15. Nce3 Qg5 16. g3 Rb7 17. Bh3 Be6 18. hxg6 hxg6 19. Qd3 Qd8 20. Kf1 Qc8 21. Kg2 f5 22. exf5 gxf5 23. Rad1 a5 24. a4 bxa4 25. Rd2 Qd7 26. Qc4 Ne7 27. Nxe7+ Qxe7 28. Qxa4 e4 29. Qxa5 Be5 30. Qa4 Qg5 31. Qc6 Rg7 32. Rxd6 Bxg3 33. Rxe6 Qf4 34. Ng4 Qf3+ 35. Kg1 Bxf2+ 36. Kf1 Bh4+ 0-1